AoeStats
← OS+ | VoNDutcH

Arena

506750446Analyzed
4v4 RM · 18d ago on Sep 15, 2026· 38m 45s· 8 players
Game mode
Random Map
Map size
Large (8 player)
Population
200
Speed
Normal
Resources
Standard
Victory
Conquest
Starting age
Dark Age
Ending age
Imperial Age
RankedLock teamsTeams togetherTeam positionsShared explorationLock speedFull tech treeHidden civsTurbo modeCheats
Victory
Defeat
🇩🇪 Bohemians · Germany
1986
+20
🇩🇪 Wei · Germany
1861
+24
🇩🇪 Spanish · Germany
1860
+24
🇩🇪 Malay · Germany
1821
+25
🇮🇹 Tatars · Italy
2197
-27
🇩🇪 Sicilians · Germany
2069
-24
🇮🇳 Franks · India
2051
-23
🇺🇸 Georgians · United States
1931
-19
NOC | Mr.Dobbsn
9:57 Feudal Age
10:22 Feudal Age
14:01 Castle Age
12:08 Double-Bit Axe
12:37 Horse Collar
14:57 Bow Saw
18:55 Wheelbarrow
19:41 Town Watch
20:20 Loom
26:07 Imperial Age
23:19 Treadmill Crane
26:06 Chemistry
25:02 Pikeman
25:43 Scale Mail Armor
26:11 Halberdier
27:45 Heavy Plow
28:23 Fletching
28:55 Chain Mail Armor
29:13 Bodkin Arrow
29:55 Ballistics
29:32 Elite Skirmisher
30:38 Bracer
31:15 Padded Archer Armor
32:52 Leather Archer Armor
33:31 Siege Engineers
34:22 Leather Archer Armor
34:37 Squires
35:38 Conscription
37:24 Plate Mail Armor
37:05 Forging
37:25 Ring Archer Armor
LM | MaisterNippon
11:09 Feudal Age
14:41 Castle Age
12:58 Double-Bit Axe
13:36 Horse Collar
15:33 Gold Mining
15:56 Bow Saw
23:10 Padded Archer Armor
26:37 Leather Archer Armor
28:32 Wheelbarrow
30:48 Bloodlines
35:02 Husbandry
38:01 Scale Barding Armor
LM | MaggieWuerze
11:50 Feudal Age
14:43 Castle Age
13:31 Double-Bit Axe
13:26 Horse Collar
17:22 Bow Saw
20:23 Wheelbarrow
20:35 Loom
22:11 Hand Cart
21:42 Town Watch
24:49 Gold Mining
27:49 Imperial Age
25:25 Pikeman
26:07 Squires
28:14 Chemistry
27:19 Halberdier
28:16 Heavy Plow
33:49 Gold Shaft Mining
35:26 Forging
36:13 Man-at-Arms
37:29 Iron Casting
38:05 Siege Engineers
37:34 Long Swordsman
38:50 Conscription
38:53 Forced Levy
NOC | shiXo.#
9:18 Feudal Age
9:44 Double-Bit Axe
9:40 Horse Collar
11:11 Gold Mining
17:05 Castle Age
15:28 Stone Mining
15:55 Fletching
17:55 Wheelbarrow
17:43 Bodkin Arrow
18:04 Bow Saw
20:19 Heavy Plow
23:03 Bloodlines
22:53 Husbandry
22:59 Loom
27:09 Hand Cart
26:39 Town Watch
27:27 Padded Archer Armor
30:29 Imperial Age
28:23 Ballistics
29:08 Thumb Ring
30:29 Gold Shaft Mining
31:20 Bracer
32:21 Chemistry
32:31 Leather Archer Armor
32:46 Parthian Tactics
35:36 Ring Archer Armor
35:17 Scale Barding Armor
35:22 Forging
34:34 Heavy Hei Guang Cavalry
37:33 Stone Shaft Mining
37:34 Crop Rotation
37:36 Caravan
38:53 Chain Barding Armor
39:17 Ming Guang Armor
39:12 Conscription
RoR | Smokealot
11:09 Feudal Age
15:12 Castle Age
13:00 Horse Collar
13:38 Double-Bit Axe
14:22 Fletching
16:14 Bow Saw
21:33 Ballistics
22:14 Bodkin Arrow
23:08 Loom
22:54 Elite Skirmisher
OS+ | VoNDutcH
11:45 Feudal Age
13:06 Double-Bit Axe
15:27 Castle Age
13:39 Horse Collar
20:46 Wheelbarrow
19:59 Town Watch
21:21 Husbandry
22:10 Fletching
22:19 Light Cavalry
23:27 Bodkin Arrow
25:16 Bloodlines
25:16 Heavy Plow
27:48 Ballistics
27:58 Hand Cart
31:56 Imperial Age
32:30 Padded Archer Armor
32:45 Masonry
33:37 Chemistry
32:29 Heavy Cavalry Archer
33:12 Bracer
34:34 Leather Archer Armor
35:23 Bow Saw
38:06 Ring Archer Armor
38:28 Gold Mining
39:21 Silk Armor
39:41 Conscription
OS+ | The Wilderness
10:54 Feudal Age
15:48 Castle Age
13:51 Horse Collar
14:19 Double-Bit Axe
14:51 Loom
14:51 Town Watch
15:49 Loom
16:43 Bow Saw
16:33 Heavy Plow
25:14 Wheelbarrow
26:35 Hand Cart
27:08 Gold Mining
27:09 Stone Mining
27:32 Fletching
31:06 Imperial Age
29:02 Bodkin Arrow
29:52 Stone Shaft Mining
29:30 Fortified Wall
30:29 Masonry
30:28 Svan Towers
31:29 Onager
32:24 Bracer
33:05 Elite Skirmisher
34:32 Padded Archer Armor
34:53 Ballistics
36:04 Chemistry
35:11 Siege Engineers
36:34 Leather Archer Armor
36:57 Conscription
37:50 Siege Onager
DS_Dragonstar
11:28 Feudal Age
12:31 Double-Bit Axe
15:20 Castle Age
16:26 Bow Saw
17:18 Wheelbarrow
21:18 Town Watch
21:21 Loom
23:41 Hand Cart
28:23 Imperial Age
25:57 Gold Mining
25:57 Stone Mining
26:44 Scale Barding Armor
26:50 Forging
27:50 Chain Barding Armor
28:37 Husbandry
29:32 Fletching
30:18 Plate Barding Armor
29:08 Cavalier
31:46 Gold Shaft Mining
33:08 Iron Casting
34:19 Conscription
33:40 Paladin
38:10 Blast Furnace
Connection lost

Rejoining the realm…

Still unreachable

The connection could not be restored.

Session expired

The server has moved on; the page needs a fresh start.